 Dungeon Crawl Stone Soup version 0.28-a0-695-gff097466f2 (webtiles) character file.

Game seed: 12147859311917857021

36 Lekart the Skirmisher (level 3, 0/33 HPs)
             Began as a Draconian Fighter on Oct 22, 2021.
             Was a Follower of Wu Jian.
             Slain by a jackal (2 damage)
             ... on level 1 of the Dungeon.
             The game lasted 00:01:57 (1574 turns).

Lekart the Skirmisher (Draconian Fighter)           Turns: 1574, Time: 00:01:57

Health: 0/33       AC:  5    Str: 19    XL:     3   Next: 19%
Magic:  3/3        EV: 12    Int:  8    God:    Wu Jian [*.....]
Gold:   18         SH:  0    Dex: 10    Spells: 2/2 levels left

rFire   . . .      SeeInvis .   (no weapon)
rCold   . . .      Faith    .   (no shield)
rNeg    . . .      Spirit   .   (armour unavailable)
rPois   .          Reflect  .   (helmet restricted)
rElec   .          Harm     .   (no cloak)
rCorr   .          Rampage  .   (no gloves)
Will    .....                   (no boots)
Stlth   +.........              (no amulet)
HPRegen 0.11/turn               (no ring)
MPRegen 0.08/turn               (no ring)

@: mighty
A: AC +5, unfitting armour, cold-blooded
a: Renounce Religion


You were on level 1 of the Dungeon.
You worshipped Wu Jian.
Wu Jian was aware of your devotion.
You visited 1 branch of the dungeon, and saw 1 of its levels.

You collected 18 gold pieces.

Inventory:

Hand Weapons
 a - a +0 long sword
Armour
 b - a +0 buckler
Scrolls
 d - a scroll of blinking {unknown}
 e - a scroll of brand weapon {unknown}
 f - a scroll of torment {unknown}
 g - a scroll of teleportation {unknown}
Potions
 c - a potion of might


   Skills:
 + Level 3.6 Fighting
 + Level 2.3 Long Blades
 + Level 3.1 Dodging
 + Level 3.3 Shields
 + Level 0.1 Unarmed Combat


You had 2 spell levels left.
You didn't know any spells.
Your spell library was empty.

Dungeon Overview and Level Annotations

Branches:
Dungeon (1/15)

Altars:
Wu Jian


Innate Abilities, Weirdness & Mutations

Your plain brown scales are hard. (AC +5)
You cannot fit into any form of body armour.
You are cold-blooded and may be slowed by cold attacks.


Message History

You kill the jackal!
The Council accepts your kill.
You closely miss the jackal.
The jackal is moderately wounded.
The jackal bites you but does no damage.
The jackal bites you.
You hit the jackal but do no damage. You tail-slap the jackal.
The jackal is heavily wounded.
The jackal bites you.
You barely miss the jackal.
The jackal is heavily wounded.
The jackal barely misses you.
You hit the jackal.
The jackal is severely wounded.
The jackal bites you.
* * * LOW HITPOINT WARNING * * *
The jackal closely misses you.
You closely miss the jackal.
The jackal is severely wounded.
The jackal bites you.
* * * LOW HITPOINT WARNING * * *
You barely miss the jackal.
The jackal is severely wounded.
The jackal barely misses you. The jackal closely misses you.
You hit the jackal but do no damage. You tail-slap the jackal.
The jackal is almost dead.
The jackal bites you but does no damage.
The jackal bites you.
* * * LOW HITPOINT WARNING * * *
The jackal bites you but does no damage.
The jackal bites you.
* * * LOW HITPOINT WARNING * * *
You hit the jackal but do no damage.
You tail-slap the jackal, but do no damage.
The jackal is almost dead.
The jackal barely misses you. The jackal bites you.
* * * LOW HITPOINT WARNING * * *
You feel very mighty all of a sudden. The jackal bites you.
You die...

#..#.########.........♣.♣...
#..# #..........♣.... #..#
#..........#.... #..#
#..........##### #..#
#..##'####.# #†h# #..##.#
#.# #..# #..##.# #.#
#..##########.....# #.#
#..†......h@..########.#
#.####.###h............#
#......# ############### ###
######.# #........#### #..
#.# #.##........# #≈. #.#
#.##........# #.. #.#
#.##........# ### #.#
#.##........# #..
#.####.##........# #..


You could see 2 jackals.

Vanquished Creatures
  A dart slug (D:1)
  4 ball pythons (D:1)
  An endoplasm (D:1)
  3 giant cockroaches (D:1)
  2 goblins (D:1)
  4 hobgoblins (D:1)
  5 jackals (D:1)
  2 kobolds (D:1)
  A quokka (D:1)
  A bat (D:1)
  2 frilled lizards (D:1)
  5 rats (D:1)
31 creatures vanquished.

Notes
Turn   | Place    | Note
-------+----------+-------------------------------------------
     0 | D:1      | Lekart the Draconian Fighter began the quest for the Orb.
     0 | D:1      | Reached XP level 1. HP: 19/19 MP: 1/1
   122 | D:1      | Reached XP level 2. HP: 11/26 MP: 2/2
   428 | D:1      | Found a faded altar of an unknown god.
   458 | D:1      | Prayed at the altar of an unknown god.
   458 | D:1      | Became a worshipper of the Wu Jian Council
   458 | D:1      | Reached * piety under Wu Jian
  1089 | D:1      | Reached XP level 3. HP: 21/31 MP: 3/3
  1574 | D:1      | Slain by a jackal

Illustrated notes

Levels and vault maps discovered:
D:1:      dpeg_arrival_prison, layout_basic,
          shapermc_ecumenical_altar_totnotflames, minivault_5

Skill      XL: |  1  2 |
---------------+-------+-----
Dodging        | 3 |  3.1
Fighting       | |  3.6
Long Blades    | |  2.3
Shields        | |  3.3
Unarmed Combat | |  0.1

Action                   || total
-------------------------++-------
Melee: Long sword        ||    46
       Tailslap          ||    16
       Unarmed           ||    96
Invok: Lunge             ||     6
       Whirlwind         ||     1
  Use: Potion            ||     1
 Stab: Sleeping          ||     1
Armor: Skin              ||    58
Dodge: Dodged            ||   136
Block: Buckler           ||    16

Table legend: (Time is in decaauts)
 A = Elapsed time spent in this place.
 B = Non-inter-level travel time spent in this place.
 C = Inter-level travel time spent in this place.
 D = Time resting spent in this place.
 E = Time spent auto-exploring this place.
 F = Levels seen in this place.
 G = Mean time per level.
                   A        B        C        D        E       F      G
               +--------+--------+--------+--------+--------+-----+--------+
         Total |   1587 |   1587 |      0 |    207 |   1106 |   1 | 1587.0 |
       Dungeon |   1587 |   1587 |      0 |    207 |   1106 |   1 | 1587.0 |
               +--------+--------+--------+--------+--------+-----+--------+

Top non-repeatable levels by time:
     D:1: 1587 daAuts
